 Dungeon Crawl Stone Soup version bcrawl-1.24 (webtiles) character file.

Game seed: 3061204168958840942

451 Freyura the Shield-Bearer (level 7, -3/43 HPs)
             Began as a Gargoyle Fighter on June 11, 2020.
             Slain by a slave (4 damage)
             ... led by Pikel
             ... on level 4 of the Dungeon.
             The game lasted 00:06:33 (2825 turns).

Freyura the Shield-Bearer (Gargoyle Fighter)        Turns: 2825, Time: 00:06:34

Health: -3/43      AC: 15    Str: 19    XL:     7   Next: 4%
Magic:  16/16      EV:  6    Int:  9    God:
Gold:   260        SH: 10    Dex: 11    Spells: 6/6 levels left

rFire    . . .     SeeInvis .   a - +0 flail
rCold    . . .     Gourm    .   c - +0 medium shield
rNeg     + . .     Faith    .   b - +0 scale mail
rPois    ∞         Spirit   .   (no helmet)
rElec    +         Reflect  .   k - +1 cloak
rCorr    .         Harm     .   p - +0 pair of gloves
MR       .....                  (no boots)
Stlth    ..........             (no amulet)
HPRegen  0.14/turn              j - ring of magical power
MPRegen  0.15/turn              (no ring)

@: no status effects
A: negative energy resistance 1, electricity resistance, unbreathing,
petrification resistance, rot immunity, AC +4
a: no special abilities


You were on level 4 of the Dungeon.
You were not hungry.

You visited 1 branch of the dungeon, and saw 4 of its levels.

You collected 260 gold pieces.

Inventory:

Hand Weapons
 a - a +0 flail (weapon)
Armour
 b - a +0 scale mail (worn)
 c - a +0 medium shield (worn)
 k - a +1 cloak (worn)
 p - a +0 pair of gloves (worn)
Jewellery
 j - a ring of magical power (left hand)
 m - an uncursed ring of magical power
Scrolls
 f - 2 scrolls of teleportation
 h - 3 scrolls of remove curse
Potions
 g - a potion of heal wounds
 i - a potion of mutation {unknown}
 o - a potion of ambrosia {unknown}
Comestibles
 e - 9 rations {!d}


   Skills:
 + Level 4.2 Fighting
 + Level 4.4 Maces & Flails
 + Level 4.4 Armour
 + Level 1.5 Dodging
 + Level 0.2 Stealth
 + Level 5.2 Shields


You had 6 spell levels left.
You didn't know any spells.
Your spell library contained the following spells:

 Spells                   Type           Power        Failure   Level  Hunger
 Corona                   Hex            #......      100%        1    ##.....
 Ensorcelled Hibernation  Hex/Ice        #.....       100%        2    ###....
 Confuse                  Hex            #.......     100%        3    ####...
 Dazzling Spray           Conj/Hex       #.....       100%        3    ####...
 Tukima's Dance           Hex            #.......     100%        3    ####...


Dungeon Overview and Level Annotations

Branches:
Dungeon (4/12)
 Temple: D:4-7

Altars:
Fedhas
Sif Muna

Annotations:
D:4 Pikel


Innate Abilities, Weirdness & Mutations

You are resistant to torment.
Your stone body is resilient. (AC +4)
You are immune to poison.
You resist negative energy. (rN+)
You are resistant to electric shocks. (rElec)
You can survive without breathing.
You are immune to petrification.
You are immune to rotting.


Message History

You barely miss Pikel. The hound barely misses you.
You block the slave's attack. x2; The slave barely misses you.
The slave hits you.
* * * LOW HITPOINT WARNING * * *
Pikel hits you but does no damage. The hound bites you but does no damage.
You block the slave's attack. The slave barely misses you.
You sock Pikel!
Pikel is moderately wounded.
You block the hound's attack. You block the slave's attack.
The slave barely misses you. Pikel hits you but does no damage.
The hound barely misses you. The slave barely misses you. The slave hits you.
* * * LOW HITPOINT WARNING * * *
The slave barely misses you. The slave hits you but does no damage.
Pikel hits you but does no damage.
You closely miss Pikel.
Pikel is moderately wounded.
The hound bites you.
* * * LOW HITPOINT WARNING * * *
You block the slave's attack. The slave hits you.
You die...

...#....###
##..####.# #..
#.# . #..# #.#
.) #..####.#
...
#.......###....
#.#............
+....pK......
#....@p....##
#...php....#
#..........#
#..........#
#..........#
#..........#
#..........#
#..........#


You could see Pikel, 4 slaves and a hound.

Vanquished Creatures
  Duvessa (D:4)
  Dowan (D:4)
  A scorpion (D:4)
  A crimson imp (D:4)
  7 adders
  4 gnolls (D:4)
  An ooze (D:2)
  4 worms
  A dart slug (D:1)
  6 leopard geckos
  An orc (D:4)
  2 ball pythons (D:1)
  5 giant cockroaches
  7 goblins
  9 hobgoblins
  8 jackals (D:3)
  4 quokkas
  10 bats
  4 frilled lizards
  11 kobolds
  2 rats (D:1)
90 creatures vanquished.

Notes
Turn   | Place    | Note
-------+----------+-------------------------------------------
     0 | D:1      | Freyura the Gargoyle Fighter began the quest for the Orb.
     0 | D:1      | Reached XP level 1. HP: 14/14 MP: 1/1
   172 | D:1      | Reached XP level 2. HP: 17/19 MP: 2/2
   651 | D:1      | Reached XP level 3. HP: 21/24 MP: 3/3
   941 | D:2      | Reached skill level 4 in Shields
  1083 | D:2      | Reached XP level 4. HP: 23/29 MP: 4/4
  1653 | D:2      | Found a shimmering blue altar of Sif Muna.
  2061 | D:3      | Found a blossoming altar of Fedhas.
  2199 | D:3      | Reached XP level 5. HP: 33/33 MP: 5/5
  2282 | D:3      | Reached skill level 1 in Dodging
  2446 | D:4      | Noticed Duvessa
  2446 | D:4      | Noticed Dowan
  2459 | D:4      | Killed Duvessa
  2459 | D:4      | Reached XP level 6. HP: 35/38 MP: 6/6
  2468 | D:4      | Killed Dowan
  2468 | D:4      | Reached skill level 5 in Shields
  2802 | D:4      | Reached XP level 7. HP: 43/43 MP: 7/7
  2808 | D:4      | Noticed Pikel
  2824 | D:4      | HP: 2/43 [slave[Pikel] (1)]
  2825 | D:4      | Slain by a slave

Skill      XL: |  1  2  3  4  5  6 |
---------------+-------------------+-----
Shields        | 4 5 |  5.2
Maces & Flails | 3 4 |  4.4
Dodging        | 1 |  1.5
Fighting       | 4 |  4.2
Armour         | 4 |  4.4
Stealth        | |  0.2

Action                   |  1- 3 |  4- 6 |  7- 9 || total
-------------------------+-------+-------+-------++-------
Melee: Flail             |   186 |   212 |    13 ||   411
  Use: Scroll            |     3 |     2 |       ||     5
       Potion            |       |     1 |       ||     1
  Eat: Chunk             |     1 |     6 |       ||     7
Armor: Scale mail        |   119 |   189 |    38 ||   346
Dodge: Dodged            |    36 |    93 |    26 ||   155
Block: Medium shield     |   112 |   164 |    24 ||   300
